 Dungeon Crawl Stone Soup version 0.16.1-5-gaa23807 (webtiles) character file.

133 Iceolator the Insei (level 5, 0/33 HPs)
             Began as an Octopode Transmuter on Mar 28, 2015.
             Slain by Prince Ribbit (4 damage)
             ... on level 4 of the Dungeon on Mar 29, 2015.
             The game lasted 00:06:33 (2785 turns).

Iceolator the Insei (Octopode Transmuter)           Turns: 2785, Time: 00:06:33

Health: 0/33       AC:  1    Str:  9    XL:     5   Next: 16%
Magic:  0/10       EV: 12    Int: 15    God:
Gold:   160        SH:  0    Dex: 14    Spells: 2 memorised, 5 levels left

rFire  . . .     SeeInvis .       - Unarmed
rCold  . . .     Clarity  .     (no shield)
rNeg   . . .     SustAb   .     (helmet restricted)
rPois  .         Gourm    .     w - amulet of guardian spirit
rElec  .         Spirit   +     r - ring of teleportation (curse)
rCorr  .         Warding  .     (no ring)
rMut   .         Rnd*Tele +     (no ring)
MR     .....                    (no ring)
Stlth  ++........               (no ring)
                                (no ring)
                                (no ring)
                                (no ring)

@: very slightly contaminated, not resistant to hostile enchantments, unstealthy
A: almost no armour, amphibious, 8 rings, constrict 8, camouflage 1, gelatinous
body 1
a: Evoke Teleportation


You were on level 4 of the Dungeon.
You were not hungry.

You visited 1 branch of the dungeon, and saw 4 of its levels.

You collected 160 gold pieces.

Inventory:

Missiles
 b - 79 arrows
 f - 26 poisoned needles (quivered)
 m - 12 arrows of flame
 v - 5 arrows of dispersal
Jewellery
 r - a cursed ring of teleportation (left tentacle)
 w - an amulet of guardian spirit (around mantle)
Magical devices
 n - a wand of polymorph (12)
Scrolls
 e - a scroll of magic mapping {unknown}
 h - 2 scrolls of enchant weapon {unknown}
 i - a scroll of teleportation {unknown}
 j - a scroll of amnesia {unknown}
 l - a scroll of immolation {unknown}
 o - 3 scrolls of identify {unknown}
 q - a scroll of fear {unknown}
Potions
 c - a potion of curing {unknown}
 g - a potion of resistance {unknown}
 k - a potion of cancellation {unknown}
 p - 2 potions of agility {unknown}
 s - a potion of flight {unknown}
 u - a potion of lignification {unknown}
Books
 d - a book of Changes

   Spells                             Type                      Level
   a - Beastly Appendage              Transmutation                1
   b - Sticks to Snakes               Transmutation                2
   c - Spider Form                    Transmutation/Poison         3
   d - Ice Form                       Ice/Transmutation            4
   e - Blade Hands                    Transmutation                5
Comestibles
 a - 4 bread rations
 t - a royal jelly


   Skills:
 + Level 1.0 Fighting
 + Level 2.0 Dodging
 + Level 4.2 Unarmed Combat
 + Level 2.9 Spellcasting
 + Level 3.4 Transmutations


You had 5 spell levels left.
You knew the following spells:

 Your Spells              Type           Power        Failure   Level  Hunger
a - Beastly Appendage     Trmt           ##....       6%          1    #......
b - Spider Form           Trmt/Pois      #.........   34%         3    ###....


Dungeon Overview and Level Annotations

Branches:
Dungeon (4/15)
 Temple: D:4-7

Altars:
Qazlal
Trog

Annotations:
D:4 Prince Ribbit


Innate Abilities, Weirdness & Mutations

You cannot wear most types of armour.
You are amphibious.
You can wear up to eight rings at the same time.
You can use your tentacles to constrict many enemies at once.
Your skin changes colour to match your surroundings (Stealth).
Your rubbery body absorbs attacks (AC +1).


Message History

* * * LOW HITPOINT WARNING * * *
You are too injured to fight recklessly!
Prince Ribbit hits you.
* * * LOW HITPOINT WARNING * * *
Use which ability? (? or * to list)
You don't have enough magic at the moment.
Prince Ribbit closely misses you.
Prince Ribbit blinks!
You see here 9 gold pieces.
Prince Ribbit croaks regally.
Prince Ribbit blinks!
Prince Ribbit blinks!
Prince Ribbit blinks!
Casting: Spider Form
Confirm with . or Enter, or press ? or * to list all spells.
You miscast Spider Form.
You are very lightly contaminated with residual magic.
The air around you crackles with energy!
Prince Ribbit hits you.
You die...

#++#### .......##
.........##
..........##
...........##
.............##
........F.....#
...######.@....#
......# #......#
+......# #.ยง....+
+......# #......+
#......# #......#
#......######......#
#..................#
#..........$.....##
#..............##


You could see Prince Ribbit.

Vanquished Creatures
  Sigmund (D:2)
  2 adders (D:2)
  An ooze (D:3)
  A ball python (D:1)
  5 bats
  A giant cockroach (D:1)
  3 goblins
  6 hobgoblins
  3 jackals (D:2)
  4 kobolds
  2 giant newts (D:1)
  A quokka (D:2)
  10 rats
40 creatures vanquished.

Vanquished Creatures (others)
  2 orc priests (D:4)
  An orc (D:4)
3 creatures vanquished.

Grand Total: 43 creatures vanquished

Notes
Turn   | Place    | Note
--------------------------------------------------------------
     0 | D:1      | Iceolator, the Octopode Transmuter, began the quest for the Orb.
     0 | D:1      | Reached XP level 1. HP: 13/13 MP: 3/3
   150 | D:1      | Reached XP level 2. HP: 16/18 MP: 4/4
   944 | D:2      | Reached XP level 3. HP: 8/23 MP: 6/6
  1209 | D:2      | Noticed Sigmund
  1243 | D:1      | Learned a level 3 spell: Spider Form
  1255 | D:2      | Killed Sigmund
  1255 | D:2      | Reached skill level 4 in Unarmed Combat
  1255 | D:2      | Reached XP level 4. HP: 14/28 MP: 5/8
  1476 | D:2      | Reached XP level 5. HP: 28/33 MP: 6/10
  2200 | D:3      | Found a stormy altar of Qazlal.
  2551 | D:3      | Found a bloodstained altar of Trog.
  2761 | D:4      | Noticed Prince Ribbit
  2785 | D:4      | Slain by Prince Ribbit

Action                   |  1- 3 |  4- 6 || total
-------------------------+-------+-------++-------
Melee: Unarmed           |    52 |    45 ||    97
 Cast: Spider Form       |     1 |     1 ||     2
 Stab: Sleeping          |     2 |     1 ||     3
  Eat: Chunk             |       |     6 ||     6
